 Dungeon Crawl Stone Soup version 0.25-a0-583-g696c2ac64d (webtiles) character file.

Game seed: 15535666600403976366, levelgen mode: deterministic

193 An17 the Ruffian (level 5, -3/40 HPs)
             Began as a Draconian Transmuter on Mar 8, 2020.
             Slain by a gnoll
             ... wielding a +0 spear
              (8 damage)
             ... on level 3 of the Dungeon.
             The game lasted 00:06:59 (2259 turns).

An17 the Ruffian (Draconian Transmuter)             Turns: 2259, Time: 00:07:00

Health: -3/40      AC:  5    Str: 13    XL:     5   Next: 44%
Magic:  8/8        EV: 12    Int: 14    God:
Gold:   83         SH:  0    Dex: 11    Spells: 3/9 levels left

rFire    . . .     SeeInvis .     - Unarmed
rCold    . . .     Gourm    .   (no shield)
rNeg     . . .     Faith    .   (armour unavailable)
rPois    .         Spirit   .   (helmet restricted)
rElec    .         Reflect  .   i - scarf {cloud immunity}
rCorr    .         Harm     .   (no gloves)
MR       .....                  (no boots)
Stlth    +.........             k - amulet of magic regeneration
HPRegen  0.13/turn              (no ring)
MPRegen  0.36/turn              (no ring)

@: appendage
A: unfitting armour, horns 2, cold-blooded, AC +5
a: End Transformation


You were on level 3 of the Dungeon.
You were hungry.
You had grown temporary horns.
You visited 1 branch of the dungeon, and saw 3 of its levels.

You collected 83 gold pieces.

Inventory:

Hand Weapons
 m - a +1 dagger of electrocution
Missiles
 a - 30 arrows
Armour
 i - a scarf of cloud immunity (worn)
Jewellery
 k - an amulet of magic regeneration (around neck)
Wands
 h - a wand of iceblast (9)
 l - a wand of polymorph (8)
Scrolls
 b - 3 scrolls of remove curse
 g - 2 scrolls of magic mapping
Potions
 d - a potion of lignification
 e - 3 potions of curing
 f - a potion of brilliance {unknown}
 j - 3 potions of flight {unknown}
Comestibles
 c - 7 rations


   Skills:
 + Level 1.5 Fighting
 + Level 2.5 Dodging
 + Level 0.5 Stealth
 + Level 4.7 Unarmed Combat
 + Level 2.6 Spellcasting
 + Level 2.9 Transmutations


You had 3 spell levels left.
You knew the following spells:

 Your Spells              Type           Power        Failure   Level  Hunger
a - Beastly Appendage     Tmut           ##....       7%          1    #......
b - Sticks to Snakes      Tmut           ##......     10%         2    ###....
c - Spider Form           Tmut/Pois      #.........   36%         3    ###....

Your spell library contained the following spells:

 Spells                   Type           Power        Failure   Level  Hunger
 Ice Form                 Ice/Tmut       #.......     77%         4    #####..
 Blade Hands              Tmut           ##........   88%         5    ######.


Dungeon Overview and Level Annotations

Branches:
Dungeon (3/15)

Altars:
Vehumet
Xom
Yredelemnul


Innate Abilities, Weirdness & Mutations

Your plain brown scales are hard. (AC +5)
You cannot fit into any form of body armour.
You are cold-blooded and may be slowed by cold attacks.
You have a pair of horns on your head.


Message History

You punch the gnoll!
You tail-slap the gnoll, but do no damage.
The gnoll is almost dead.
The gnoll barely misses you. The giant cockroach closely misses you.
You barely miss the gnoll.
You tail-slap the gnoll, but do no damage.
The gnoll is almost dead.
The giant cockroach barely misses you. The gnoll misses you.
You barely miss the gnoll.
The gnoll is almost dead.
The giant cockroach barely misses you. The gnoll hits you with a +0 spear.
* * * LOW HITPOINT WARNING * * *
You closely miss the gnoll.
You tail-slap the gnoll, but do no damage.
The gnoll is almost dead.
The giant cockroach barely misses you.
You hit the gnoll but do no damage. Your headbutt misses the gnoll.
The gnoll is almost dead.
The gnoll hits you with a +0 spear!
You die...

#### #... ##.##
##...## ##.....##
###########.......###
#.........)..._.....#
#.........#.....s.#
#.........##...@g##
#..........##.).##
#..........###.##
#..........#...#
#..........###.#
#..........# #†##
##..........#
#†.##..#
............# #.....#
######.###### #...###


You could see a gnoll and a giant cockroach.

Vanquished Creatures
  An ogre (D:2)
  A gnoll (D:2)
  4 adders
  An ooze (D:2)
  5 worms (D:2)
  2 dart slugs
  A leopard gecko (D:1)
  5 orcs (D:3)
  A ball python (D:3)
  4 bats
  2 giant cockroaches
  4 goblins
  8 hobgoblins
  4 jackals (D:3)
  2 kobolds
  2 quokkas
  4 frilled lizards
  5 rats
56 creatures vanquished.

Vanquished Creatures (collateral kills)
  A ball python (D:2)
1 creature vanquished.

Vanquished Creatures (others)
  7 toadstools (D:3)
7 creatures vanquished.

Grand Total: 64 creatures vanquished

Notes
Turn   | Place    | Note
-------+----------+-------------------------------------------
     0 | D:1      | An17 the Draconian Transmuter began the quest for the Orb.
     0 | D:1      | Reached XP level 1. HP: 16/16 MP: 3/3
    86 | D:1      | Reached XP level 2. HP: 19/23 MP: 3/5
    99 | D:1      | Learned a level 2 spell: Sticks to Snakes
   435 | D:1      | Found an opulent altar of Gozag.
   437 | D:1      | Found a shimmering altar of Xom.
   437 | D:1      | Found a shimmering blue altar of Sif Muna.
   439 | D:1      | Found a shadowy altar of Dithmenos.
   439 | D:1      | Found a sacrificial altar of Ru.
   439 | D:1      | Found an ancient bone altar of Kikubaaqudgha.
   716 | D:2      | Found a shimmering altar of Xom.
   716 | D:2      | Noticed an ogre
   735 | D:2      | Killed an ogre
   735 | D:2      | Reached skill level 4 in Unarmed Combat
   735 | D:2      | Reached XP level 3. HP: 15/28 MP: 1/6
   735 | D:2      | Reached XP level 4. HP: 18/35 MP: 1/7
   740 | D:2      | Learned a level 3 spell: Spider Form
  1393 | D:2      | Found a radiant altar of Vehumet.
  1497 | D:2      | Reached XP level 5. HP: 12/40 MP: 8/8
  1812 | D:3      | Noticed a sky beast
  2179 | D:3      | Found a basalt altar of Yredelemnul.
  2259 | D:3      | Slain by a gnoll

Levels and vault maps discovered:
D:1:      roderic_crop_circles_arrival_small, layout_loops_cross,
          doesnt_xom_only_xom
D:2:      layout_basic, lemuel_crystal_altar, serial_park_tiny_1,
          corner_web_ring, lemuel_tele_altar
D:3:      cheibrodos_fertilizer, layout_rooms, lemuel_round_altar, minitemple,
          fedhas_altar_1, minmay_misc_feat_alley, uniq_terence

Skill      XL: |  1  2 |
---------------+-------+-----
Dodging        | 2 |  2.5
Unarmed Combat | 4 |  4.7
Fighting       | |  1.5
Stealth        | |  0.5
Spellcasting   | |  2.6
Transmutations | |  2.9

Action                   |  1- 3 |  4- 6 || total
-------------------------+-------+-------++-------
Melee: Unarmed           |    39 |   210 ||   249
       Tailslap          |     2 |    21 ||    23
       Kick              |     1 |     5 ||     6
       Headbutt          |     2 |    19 ||    21
       Punch             |       |     4 ||     4
 Cast: Beastly Appendage |     5 |    15 ||    20
       Sticks to Snakes  |     2 |       ||     2
  Use: Scroll            |     7 |     2 ||     9
       Potion            |       |     1 ||     1
 Stab: Sleeping          |       |     2 ||     2
  Eat: Ration            |       |     1 ||     1
       Chunk             |       |     1 ||     1
Armor: Skin              |    10 |    50 ||    60
Dodge: Dodged            |    22 |   113 ||   135

Table legend:
 A = Non-vault XP
 B = Vault XP
 C = Vault XP percentage of total XP
 D = Non-vault monster count
 E = Vault monster count
 F = Vault count percentage of total count
                 A         B        C        D         E       F
            +---------+---------+-------+---------+---------+-------
      Total |     277 |       0 |   0.0 |      57 |       0 |   0.0
            +---------+---------+-------+---------+---------+-------
        D:1 |      20 |       0 |   0.0 |      12 |       0 |   0.0
        D:2 |     206 |       0 |   0.0 |      28 |       0 |   0.0
        D:3 |      51 |       0 |   0.0 |      17 |       0 |   0.0
            +---------+---------+-------+---------+---------+-------
